 Dungeon Crawl Stone Soup version 0.23.1-37-gaa34b87 (webtiles) character file.

Game seed: 14839129108740632700

193 Lauz the Ruffian (level 5, -1/41 HPs)
             Began as a Draconian Transmuter on Mar 22, 2019.
             Slain by Natasha (4 damage)
             ... on level 2 of the Dungeon.
             The game lasted 00:14:33 (3786 turns).

Lauz the Ruffian (Draconian Transmuter)             Turns: 3786, Time: 00:14:34

Health: -1/41      AC:  5    Str: 13    XL:     5   Next: 43%
Magic:  6/9        EV: 13    Int: 13    God:
Gold:   102        SH:  0    Dex: 12    Spells: 6/9 levels left

rFire    . . .     SeeInvis .     - Unarmed
rCold    . . .     Gourm    .   (no shield)
rNeg     . . .     Faith    .   (armour unavailable)
rPois    .         Spirit   .   (helmet restricted)
rElec    .         Reflect  .   (no cloak)
rCorr    .         Harm     .   (no gloves)
MR       .....                  (no boots)
Stlth    +.........             (no amulet)
HPRegen  0.13/turn              (no ring)
MPRegen  0.11/turn              (no ring)

@: appendage (expiring)
A: unfitting armour, horns 2, cold-blooded, AC +5
a: End Transformation


You were on level 2 of the Dungeon.
You were very hungry.
You had grown temporary horns.
You visited 1 branch of the dungeon, and saw 3 of its levels.

You collected 102 gold pieces.

Inventory:

Missiles
 a - 16 arrows
Armour
 i - a +0 pair of gloves
Scrolls
 d - a scroll of identify {unknown}
 j - a scroll of teleportation {unknown}
 k - 4 scrolls of remove curse {unknown}
 l - 2 scrolls of enchant weapon {unknown}
Potions
 b - a potion of berserk rage {unknown}
 e - a potion of invisibility {unknown}
 f - a potion of cancellation {unknown}
 g - 2 potions of agility {unknown}
 h - 2 potions of lignification {unknown}
 m - a potion of flight {unknown}
 n - a potion of brilliance {unknown}
 o - 2 potions of might
Comestibles
 c - 4 rations


   Skills:
 - Level 2.1 Fighting
 + Level 3.2 Dodging
 * Level 3.6 Unarmed Combat
 + Level 2.9 Spellcasting
 + Level 3.1 Transmutations


You had 6 spell levels left.
You knew the following spells:

 Your Spells              Type           Power        Failure   Level  Hunger
a - Beastly Appendage     Tmut           ##....       6%          1    #......
b - Sticks to Snakes      Tmut           ##......     10%         2    ###....

Your spell library contained the following spells:

 Spells                   Type           Power        Failure   Level  Hunger
 Spider Form              Tmut/Pois      #.........   36%         3    ###....
 Ice Form                 Ice/Tmut       #.......     77%         4    #####..
 Blade Hands              Tmut           ##........   87%         5    ######.


Dungeon Overview and Level Annotations

Branches:
Dungeon (3/15)

Altars:
Xom

Annotations:
D:2 Natasha


Innate Abilities, Weirdness & Mutations

Your plain brown scales are hard. (AC +5)
You cannot fit into any form of body armour.
You are cold-blooded and may be slowed by cold attacks.
You have a pair of horns on your head.


Message History

Natasha extends her claws.
Natasha claws you.
* * * LOW HITPOINT WARNING * * *
You hit Natasha.
Natasha is moderately wounded.
Your transformation is almost over.
Natasha closely misses you. The white imp gestures at you.
The puff of frost hits you.
* * * LOW HITPOINT WARNING * * *
Natasha barely misses you.
The white imp hits you but does no damage.
You barely miss Natasha. You headbutt Natasha!
Natasha is almost dead.
You feel yourself speed up. Natasha closely misses you.
The white imp closely misses you.
You barely miss Natasha.
Natasha is almost dead.
Natasha claws you.
You die...

#...........†........
######.######.............
###.............#####.......
#...............# #.###### ####
#.#.###..######.# #.# #... ...#
#.#.# #..# #.### #.# #... ##.#
#.#.# #..# #.#.# #.# #... #.#
#.#.# #..######.#.###)######
#.###.#.# #..##@h...........####
#.....#.# #..##5#...............
#.###.#.###..##.#.#.#.##........
#.# #...........................
##.###...###..##.....#.##........
............................##.##
##...............................
##............####.#....#.#.###..
#....#.............#....#.#.# #..


You could see Natasha and a white imp.

Vanquished Creatures
  Natasha (twice) (D:3)
  3 gnolls (D:3)
  2 adders (D:2)
  An ooze (D:1)
  A worm (D:2)
  3 leopard geckos
  A ball python (D:1)
  12 bats
  6 giant cockroaches
  5 goblins
  9 hobgoblins
  4 jackals (D:3)
  A quokka (D:2)
  2 frilled lizards (D:2)
  9 kobolds
  10 rats
71 creatures vanquished.

Vanquished Creatures (collateral kills)
  3 adders (D:2)
  A worm (D:2)
4 creatures vanquished.

Grand Total: 75 creatures vanquished

Notes
Turn   | Place    | Note
-------+----------+-------------------------------------------
     0 | D:1      | Lauz the Draconian Transmuter began the quest for the Orb.
     0 | D:1      | Reached XP level 1. HP: 16/16 MP: 3/3
   261 | D:1      | Reached XP level 2. HP: 15/23 MP: 3/5
   959 | D:1      | Reached XP level 3. HP: 17/28 MP: 4/6
   970 | D:1      | Learned a level 2 spell: Sticks to Snakes
  1713 | D:2      | Reached XP level 4. HP: 15/36 MP: 5/7
  2728 | D:3      | Found a shimmering altar of Xom.
  2779 | D:3      | Noticed Natasha
  2790 | D:3      | Killed Natasha
  2844 | D:2      | Reached XP level 5. HP: 30/41 MP: 7/9
  3150 | D:3      | Noticed Natasha
  3220 | D:3      | HP: 2/41 [gnoll/+0 halberd (11)]
  3579 | D:3      | Killed Natasha
  3760 | D:3      | Noticed Natasha
  3786 | D:2      | Slain by Natasha

Skill      XL: |  1  2  3  4 |
---------------+-------------+-----
Dodging        | 2 3 |  3.2
Fighting       | 2 |  2.1
Transmutations | 3 |  3.1
Unarmed Combat | |  3.6
Spellcasting   | |  2.9

Action                   |  1- 3 |  4- 6 || total
-------------------------+-------+-------++-------
Melee: Unarmed           |    18 |    74 ||    92
       Dagger            |   158 |    61 ||   219
       Headbutt          |     7 |     9 ||    16
       Kick              |     6 |     9 ||    15
       Tailslap          |    18 |    15 ||    33
       Punch             |     2 |       ||     2
 Cast: Beastly Appendage |    17 |    13 ||    30
       Sticks to Snakes  |     2 |     3 ||     5
 Stab: Sleeping          |     2 |     2 ||     4
       Distracted        |       |     1 ||     1
  Eat: Chunk             |     3 |     6 ||     9
Armor: Skin              |    66 |    46 ||   112
Dodge: Dodged            |   128 |   123 ||   251
